 Dungeon Crawl Stone Soup version 0.23.1-37-gaa34b87b72 (webtiles) character file.

Game seed: 5841694305697124459

1376 Forgol the Slasher (level 8, 6/61 HPs)
             Began as a Demonspawn Gladiator on Mar 21, 2019.
             Was an Initiate of Okawaru.
             Quit the game on level 7 of the Dungeon.
             The game lasted 00:12:11 (9048 turns).

Forgol the Slasher (Demonspawn Gladiator)           Turns: 9048, Time: 00:12:11

Health: 6/61       AC: 17    Str: 17    XL:     8   Next: 39%
Magic:  8/8        EV:  9    Int: 10    God:    Okawaru [......]
Gold:   0          SH:  0    Dex: 14    Spells: 7/7 levels left

rFire    . . .     SeeInvis .   a - +1 long sword
rCold    . . .     Gourm    .   (no shield)
rNeg     . . .     Faith    .   v - +0 chain mail
rPois    .         Spirit   .   (helmet restricted)
rElec    .         Reflect  .   j - +1 cloak
rCorr    .         Harm     .   (no gloves)
MR       .....                  (no boots)
Stlth    ..........             (no amulet)
HPRegen  0.20/turn              (no ring)
MPRegen  0.11/turn              (no ring)

@: marked, sanguine armour
A: horns 2, sanguine armour 1
a: Renounce Religion


You were on level 7 of the Dungeon.
You worshipped Okawaru.
Okawaru was noncommittal.
You were not hungry.

You visited 2 branches of the dungeon, and saw 8 of its levels.

Inventory:

Hand Weapons
 a - a +1 long sword (weapon)
 o - a +0 falchion
Missiles
 d - 3 throwing nets (quivered)
Armour
 b - a scarf of cloud immunity
 j - a +1 cloak (worn)
 v - a +0 chain mail (worn)
Jewellery
 e - an uncursed amulet of harm {unknown}
Wands
 n - a wand of paralysis (10)
Scrolls
 h - 2 scrolls of remove curse
 k - a scroll of identify
Potions
 l - a potion of brilliance {unknown}
 m - a potion of ambrosia {unknown}
 p - a potion of cancellation {unknown}
 q - a potion of flight {unknown}
 r - 2 potions of agility {unknown}
 s - a potion of lignification {unknown}
 t - a potion of magic {unknown}
Comestibles
 f - 15 rations


   Skills:
 + Level 4.6 Fighting
 * Level 6.9 Long Blades
 - Level 1.7 Throwing
 + Level 3.7 Armour
 + Level 4.7 Dodging
 + Level 1.2 Invocations


You had 7 spell levels left.
You didn't know any spells.
Your spell library was empty.

Dungeon Overview and Level Annotations

Branches:
Dungeon (8/15)             Temple (1/1) D:5
   Lair: D:8-11

Altars:
Ashenzari
Cheibriados
Dithmenos
Elyvilon
Fedhas
Gozag
Hepliaklqana
Makhleb
Okawaru
Qazlal
Ru
Uskayaw
Vehumet
Wu Jian
Xom
The Shining One

Annotations:
D:7 Harold
D:8 Maurice


Innate Abilities, Weirdness & Mutations

You have a pair of horns on your head.
When seriously injured, your bleeding wounds create armour. (AC +6)


Message History

2 bullfrogs come into view.
The bullfrog croaks. x2; You hear a shout! x3
A centaur comes into view.
The wyvern closely misses you.
You riposte.
You closely miss the wyvern.
The centaur wields a +0 shortbow.
The centaur shoots an arrow.
The arrow misses you.
You hear a loud, deep croak!
Found 21 bolts and a scroll labeled SAUTAD COBU.
You see here an arrow.
The bullfrog releases a deep croak.
Harold yells, "I don't have all day!"
Harold points at you and mumbles some strange words.
The mark upon you grows brighter. The wyvern bites you!
* * * LOW HITPOINT WARNING * * *
The bullfrog hits you.
* * * LOW HITPOINT WARNING * * *
The bullfrog hits you but does no damage.
The wyvern bites you but does no damage.
The bullfrog hits you but does no damage.
Are you sure you want to abandon this character and quit the game? (Confirm with "yes".)

####.#.....#
#...(......#
#.....c.....
#.c..F......
#l.#..?.....
#@##........
#F##...)....
##...........
#@F.#........
######......
... ##


You could see Harold, a wyvern, 2 bullfrogs and a centaur.

Vanquished Creatures
  Grinder (D:4)
  An orc warrior (D:5)
  A phantom (D:4)
  4 ogres (D:4)
  2 bullfrog zombies (D:5)
  A hound (D:5)
  A jelly (D:5)
  2 orc priests (D:4)
  5 orc wizards
  2 worker ants (D:4)
  A hound zombie (D:5)
  10 adders
  5 gnolls
  A shadow imp (D:5)
  2 oozes
  3 worms
  2 dart slugs
  3 leopard geckos
  19 orcs
  5 bats
  5 giant cockroaches
  10 hobgoblins
  4 jackals
  6 quokkas
  3 ball pythons
  5 frilled lizards
  4 goblins
  A jackal skeleton (D:4)
  9 kobolds
  6 rats
124 creatures vanquished.

Notes
Turn   | Place    | Note
-------+----------+-------------------------------------------
     0 | D:1      | Forgol the Demonspawn Gladiator began the quest for the
                  | Orb.
     0 | D:1      | Reached XP level 1. HP: 16/16 MP: 1/1
   116 | D:1      | Reached skill level 3 in Long Blades
   202 | D:1      | Gained mutation: When seriously injured, your bleeding
                  | wounds create armour. (AC +6) [demonic ancestry]
   202 | D:1      | Reached XP level 2. HP: 18/22 MP: 2/2
  1295 | D:2      | Gained mutation: You have a pair of small horns on your
                  | head. [demonic ancestry]
  1295 | D:2      | Reached XP level 3. HP: 15/27 MP: 3/3
  1440 | D:2      | Found a shadowy altar of Dithmenos.
  1475 | D:2      | Reached skill level 4 in Long Blades
  2815 | D:2      | Reached XP level 4. HP: 24/33 MP: 4/4
  3583 | D:3      | Found a radiant altar of Vehumet.
  3812 | D:3      | Reached skill level 1 in Armour
  4111 | D:3      | Gained mutation: You have a pair of horns on your head.
                  | [demonic ancestry]
  4111 | D:3      | Reached XP level 5. HP: 36/39 MP: 5/5
  4910 | D:4      | Noticed Grinder
  5106 | D:4      | Noticed an ogre
  5117 | D:4      | Killed an ogre
  5117 | D:4      | Reached skill level 5 in Long Blades
  5117 | D:4      | Reached XP level 6. HP: 27/47 MP: 6/6
  6267 | D:4      | Reached XP level 7. HP: 52/52 MP: 7/7
  6713 | D:4      | Reached skill level 6 in Long Blades
  7139 | D:4      | Paralysed by Grinder for 6 turns
  7147 | D:4      | Paralysed by Grinder for 2 turns
  7156 | D:4      | Paralysed by Grinder for 4 turns
  7165 | D:4      | Killed Grinder
  7927 | D:4      | Reached XP level 8. HP: 35/61 MP: 8/8
  8217 | D:5      | Entered Level 5 of the Dungeon
  8275 | D:5      | Found a staircase to the Ecumenical Temple.
  8289 | Temple   | Entered the Ecumenical Temple
  8394 | Temple   | Became a worshipper of Warmaster Okawaru
  8541 | D:5      | Reached skill level 1 in Invocations
  8898 | D:5      | You fall through a shaft for 3 floors!
  8907 | D:8      | Noticed Maurice
  9024 | D:8      | Noticed Harold
  9048 | D:7      | Quit the game

Skill      XL: |  1  2  3  4  5  6  7  8 |
---------------+-------------------------+-----
Long Blades    | 3 4 5 6 |  6.9
Dodging        | 3 4 |  4.7
Armour         | 1 2 3 |  3.7
Fighting       | 3 4 |  4.6
Invocations    | 1 |  1.2
Throwing       | |  1.7

Action                   |  1- 3 |  4- 6 |  7- 9 || total
-------------------------+-------+-------+-------++-------
Melee: Long sword        |   121 |   178 |   117 ||   416
       Headbutt          |    10 |    31 |    32 ||    73
  Use: Scroll            |     5 |     3 |     5 ||    13
       Potion            |       |     1 |     4 ||     5
 Stab: Sleeping          |     1 |       |       ||     1
  Eat: Chunk             |     6 |    11 |     2 ||    19
       Ration            |       |       |     2 ||     2
Armor: Leather armour    |    29 |    28 |       ||    57
       Ring mail         |       |     2 |    26 ||    28
       Chain mail        |       |       |    88 ||    88
Dodge: Dodged            |    74 |   116 |   110 ||   300
       Rpst.: Long sword |    22 |    31 |    35 ||    88
